 Dungeon Crawl Stone Soup version 0.27-a0-819-g058290f16d (webtiles) character file.

Game seed: 3966677755301087755

29 polve the Slasher (level 3, -3/29 HPs)
             Began as a Demonspawn Abyssal Knight on Mar 29, 2021.
             Was a Follower of Lugonu.
             Killed by Freeze
             ... generated by an endoplasm
              (5 damage)
             ... on level 2 of the Dungeon.
             The game lasted 00:01:17 (1968 turns).

polve the Slasher (Demonspawn Abyssal Knight)       Turns: 1968, Time: 00:01:18

Health: -3/29      AC:  5    Str: 12    XL:     3   Next: 1%
Magic:  4/4        EV: 10    Int: 14    God:    Lugonu [*.....]
Gold:   83         SH:  0    Dex: 12    Spells: 2/2 levels left

rFire    . . .     SeeInvis .   (no weapon)
rCold    . . .     Faith    .   (no shield)
rNeg     . . .     Spirit   .   i - +0 ring mail
rPois    .         Reflect  .   (helmet restricted)
rElec    .         Harm     .   (no cloak)
rCorr    .         Rampage  .   (no gloves)
Will     .....                  (no boots)
Stlth    +.........             (no amulet)
HPRegen  0.09/turn              (no ring)
MPRegen  0.09/turn              (no ring)

@: no status effects
A: antennae 1, foul stench 1
a: Renounce Religion, Depart the Abyss


You were on level 2 of the Dungeon.
You worshipped Lugonu.
Lugonu was aware of your devotion.
You visited 1 branch of the dungeon, and saw 2 of its levels.
You visited the Abyss 1 time.

You collected 83 gold pieces.

Inventory:

Hand Weapons
 a - a +1 falchion
Armour
 b - a +0 leather armour
 i - a +0 ring mail (worn)
Scrolls
 d - a scroll of teleportation {unknown}
 f - a scroll of fog {unknown}
 g - a scroll of identify {unknown}
 h - a scroll of enchant armour {unknown}
Potions
 e - 2 potions of lignification


   Skills:
 - Level 3.0 Fighting
 + Level 3.2 Long Blades
 - Level 1.7 Armour
 - Level 0.8 Dodging
 - Level 2.4 Invocations


You had 2 spell levels left.
You didn't know any spells.
Your spell library was empty.

Dungeon Overview and Level Annotations

Branches:
Dungeon (2/15)

Altars:


Innate Abilities, Weirdness & Mutations

You have a pair of small antennae on your head.
You may rarely emit foul miasma when damaged in melee.


Message History

The endoplasm is lightly wounded.
The endoplasm freezes you.
You are frozen.
You hit the endoplasm.
You kill the endoplasm!
Lugonu accepts your kill.
You have reached level 3!
Your experience leads to an increase in your attributes!
Increase (S)trength, (I)ntelligence, or (D)exterity?
You feel clever.
You feel monstrous as your demonic heritage exerts itself.
Your demonic ancestry asserts itself...
A pair of antennae grows on your head!
You are now empty-handed.
A gnoll is nearby!
The gnoll shouts!
You hear an angry hiss.
An adder comes into view.
An endoplasm comes into view.
The gnoll hits you with a +0 club! The gnoll hits you but does no damage.
The adder bites you. The gnoll hits you with a +0 club.
The adder bites you but does no damage. The adder closely misses you.
The gnoll barely misses you.
The gnoll shouts!
The adder bites you but does no damage. The gnoll hits you with a +0 club.
The adder misses you. The endoplasm closely misses you.
The gnoll hits you with a +0 club.
* * * LOW HITPOINT WARNING * * *
The adder bites you but does no damage.
The endoplasm hits you but does no damage.
The gnoll hits you with a +0 whip.
* * * LOW HITPOINT WARNING * * *
The adder barely misses you. The gnoll hits you but does no damage.
The adder bites you but does no damage.
The endoplasm hits you but does no damage.
The gnoll hits you but does no damage. The gnoll closely misses you.
The adder bites you.
* * * LOW HITPOINT WARNING * * *
The endoplasm freezes you.
You are frozen.
You die...

#.. .......# ...
#......## #.#
##........
###..##......#### ##
...........†....##...
....).$....).........
####..)##...........
#..<.#...........
#.....#......@g......
..######....JSg......
#..##....##...
#.######.g# ## #..
#.g. #.# .... ..
#....#....... #..
..J..... .. ........


You could see 4 gnolls, an adder and an endoplasm.

Vanquished Creatures
  2 worms (D:2)
  A bat (D:1)
  4 endoplasms
  A giant cockroach (D:2)
  A goblin (D:1)
  3 jackals (D:1)
  2 frilled lizards
  6 kobolds
  A rat (D:2)
21 creatures vanquished.

Vanquished Creatures (others)
  3 plants (D:1)
3 creatures vanquished.

Grand Total: 24 creatures vanquished

Notes
Turn   | Place    | Note
-------+----------+-------------------------------------------
     0 | Abyss:1  | polve the Demonspawn Abyssal Knight began the quest for the
                  | Orb.
     0 | Abyss:1  | Reached XP level 1. HP: 18/18 MP: 2/2
    45 | Abyss:1  | Noticed a golden eye
    50 | Abyss:1  | Noticed an orange demon
    55 | Abyss:1  | Noticed an efreet
    63 | Abyss:1  | Noticed a thrashing horror
    66 | D:1      | Escaped the Abyss
   666 | D:1      | Gained mutation: You may rarely emit foul miasma when
                  | damaged in melee. [demonic ancestry]
   666 | D:1      | Reached XP level 2. HP: 24/24 MP: 3/3
  1008 | D:1      | Reached * piety under Lugonu
  1550 | D:1      | HP: 1/36 [poisoned by a gnoll]
  1917 | D:2      | Gained mutation: You have a pair of small antennae on your
                  | head. [demonic ancestry]
  1917 | D:2      | Reached XP level 3. HP: 24/29 MP: 4/4
  1968 | D:2      | Killed from afar by an endoplasm

Illustrated notes

Levels and vault maps discovered:
D:1:      roderic_crop_circles_arrival_small, layout_basic
D:2:      layout_rooms, pdpol_wu_jian_five_deadly_venoms, serial_shops, shop

Skill      XL: |  1  2 |
---------------+-------+-----
Long Blades    | 2 3 |  3.2
Fighting       | |  3.0
Armour         | |  1.7
Dodging        | |  0.8
Invocations    | |  2.4

Action                   || total
-------------------------++-------
Melee: Falchion          ||    73
Invok: Depart the Abyss  ||     1
  Use: Potion            ||     2
Armor: Leather armour    ||    10
       Ring mail         ||    17
Dodge: Dodged            ||    37
       Rpst.: Falchion   ||    10

Table legend: (Time is in decaauts)
 A = Elapsed time spent in this place.
 B = Non-inter-level travel time spent in this place.
 C = Inter-level travel time spent in this place.
 D = Time resting spent in this place.
 E = Time spent auto-exploring this place.
 F = Levels seen in this place.
 G = Mean time per level.
                   A        B        C        D        E       F      G
               +--------+--------+--------+--------+--------+-----+--------+
         Total |   1982 |   1879 |    103 |      0 |   1648 |   3 |  660.7 |
       Dungeon |   1916 |   1813 |    103 |      0 |   1600 |   2 |  958.0 |
         Abyss |     66 |     66 |      0 |      0 |     48 |   1 |   66.0 |
               +--------+--------+--------+--------+--------+-----+--------+

Top non-repeatable levels by time:
     D:1: 1518 daAuts
     D:2: 397 daAuts
 Abyss:1: 66 daAuts
